[Event "FIDE Candidates 2024"]
[Site "Toronto"]
[Date "2024.04.09"]
[Round "5.3"]
[White "Gukesh D"]
[Black "Abasov, Nijat"]
[Result "1-0"]
[ECO "C43"]
[WhiteElo "2743"]
[BlackElo "2632"]
[Annotator "TA"]
[PlyCount "173"]
[EventDate "2024.04.02"]
[EventType "tourn"]
[EventCountry "CAN"]
[SourceTitle "playchess.com"]
[Source "ChessBase"]
[SourceQuality "1"]
[TimeControl "40/7200:1800+30"]

1. e4 e5 2. Nf3 Nf6 3. d4 Nxe4 4. Bd3 d5 5. dxe5 Nc5 6. Be2 Be7 7. O-O O-O 8. Re1 {[%emt 0:00:19] The position is equal.} c6 9. Nbd2 Nbd7 10. h3 a5 11. Nb3 f6 12. exf6 Nxf6 13. Be3 Nce4 14. Nbd2 a4 15. Nxe4 Nxe4 16. a3 Bc5 {[%emt 0:08:19] White must now prevent ...Bxe3.} 17. Bd3 {[%emt 0:02:45] And now Bxe4 would win.} Bxe3 18. Rxe3 Qf6 19. c3 Bf5 20. Qe2 Nd6 21. Bxf5 Nxf5 (21... Qxf5 $11 22. Re1 Rae8) 22. Re6 $16 Qf7 23. Re1 h6 24. Qc2 Qd7 25. c4 (25. g4 {keeps more tension.} Nd6 26. Re7 Qd8 27. Qg6) 25... d4 26. c5 Qf7 27. R6e4 {[%emt 0:02:15] White is much more active.} Qd5 28. Re5 (28. Qd3 $142) 28... Qf7 (28... d3 $16 29. Rxd5 dxc2) 29. R5e4 Qd5 30. Re5 Qf7 (30... d3 $6 31. Rxd5 dxc2 32. Rd2 $16) 31. R1e4 Rad8 32. Rf4 (32. Qxa4 d3) 32... d3 33. Qxa4 Qa2 34. Kh2 (34. Rfxf5 $2 Rxf5 35. Rxf5 Qb1+ 36. Kh2 d2 (36... Qxb2 $2 37. Qh4 $18) 37. Qc4+ Kh8 38. Nxd2 Qxf5 $19) (34. Rexf5 $2 Qb1+ 35. Kh2 Rxf5 36. Rxf5 d2 (36... Qxb2 $2 37. Qh4 $18) 37. Qc4+ Kh8 38. Nxd2 Qxf5 $17) 34... g6 {[%emt 0:05:51][%cal Od3d2] ...d2! is the strong threat.} 35. Qb4 Qf7 36. Re1 (36. g4 $18 d2 37. Nxd2 (37. gxf5 $2 d1=Q $19)) 36... Rfe8 37. Rfe4 Rxe4 38. Rxe4 Rd5 39. Nd2 (39. Qd2 $142) 39... Ng7 40. Kg1 (40. Rf4 $14 {is more appropriate.} Qe7 41. Rf3) 40... Ne6 $11 41. Re3 Nxc5 42. Qc4 Ne6 (42... g5 $11 {keeps the balance.}) 43. Rxd3 $16 b5 44. Qc3 (44. Qxc6 $2 Rxd3 45. Qc8+ Nf8 $19) 44... Nf4 45. Re3 {[%emt 0:00:02] Wards off Ne2+} Rg5 $2 (45... Rd3 $16 {is tougher.} 46. Qc2 (46. Rxd3 Ne2+ 47. Kf1 Nxc3 $19) 46... Rxe3 47. fxe3 Ne2+ 48. Kh2 Qc7+ 49. Kh1 Ng3+ 50. Kg1 Kh7) 46. Ne4 $2 (46. Qxc6 $18 h5 (46... Rxg2+ $2 47. Kf1 $18) 47. Re8+ Kh7 48. Ne4 Ne2+ 49. Kh2 (49. Kf1 Ng3+ 50. Nxg3 Rc5 $18)) 46... Rxg2+ 47. Kh1 Nd5 48. Nf6+ (48. Qxc6 $2 Nxe3 49. Nf6+ Kg7 50. Ne8+ Kf8 $19) 48... Nxf6 49. Kxg2 Nd5 50. Qxc6 Nxe3+ 51. fxe3 {[%emt 0:00:01][%mdl 4096] Endgame. KQ-KQ} Qf5 52. b3 ({Better is} 52. e4 $16 Qg5+ 53. Kf3 Qh5+ 54. Kf2) 52... h5 53. a4 (53. e4 $5 Qg5+ $8 54. Kf3 $14) 53... bxa4 54. bxa4 {[%emt 0:00:49] Threatening e4.} Qg5+ $2 (54... Qd3 $11 {and Black stays safe.}) 55. Kf2 $1 $18 Qf5+ 56. Kg2 (56. Ke2 $18) 56... Qg5+ $16 57. Kf2 (57. Kf3 $1 $16) 57... Qf5+ $18 58. Ke2 {[%emt 0:00:04] aiming for e4.} g5 $2 (58... Kh8 $16 {might work better.}) 59. e4 Qxh3 60. Qg6+ Kh8 61. Qh6+ (61. Qxg5 Qh2+ 62. Ke3 Qh3+ 63. Kf4 Qf1+ 64. Kg3 Qe1+ 65. Kf4 Qf2+ 66. Ke5 h4 $11) 61... Kg8 62. Qxg5+ Kh8 63. Qh6+ Kg8 64. Qg5+ Kh8 $1 65. a5 $2 ({White should play} 65. Qe5+ $18 Kg8 66. Qg5+) 65... h4 $1 $14 66. Qh6+ Kg8 67. Qg6+ $1 Kh8 $1 68. a6 ({Of course not} 68. Qh6+ Kg8 $11) 68... Qh2+ $1 69. Ke3 Qh3+ 70. Ke2 Qh2+ $1 71. Kd3 {[%emt 0:00:57] White threatens Qe8+ and mate.} Qh3+ 72. Kc4 Qc8+ 73. Kd5 Qd8+ 74. Qd6 Qa5+ 75. Ke6 {[%emt 0:00:12] Threatening mate with Qf8+.} h3 76. Kf7 Qa2+ $1 77. Qe6 $1 Qxe6+ 78. Kxe6 {[%emt 0:00:01] Kf6 would kill now. KPP-KP} h2 79. a7 {[%emt 0:00:03] Intending Kf6 and mate.} h1=Q 80. a8=Q+ {[%emt 0:00:03] KQ-KQ} (80. a8=B {is a self mate.} Qh3+ 81. Kf6 Qh6+ 82. Kf7 Qg7+ 83. Ke6 Qg8+ 84. Kf5 Qxa8 85. Kf4 Kg7 86. Ke5 Qa5+ 87. Kd4 Kf6 88. e5+ Ke6 (88... Qxe5+ 89. Kd3 Kf5 90. Kc4 Ke4 91. Kb3 Kd3 92. Kb4 Qd6+ 93. Kb5 Kc3 94. Ka5 Kc4 95. Ka4 Qb4#) 89. Ke3 Kxe5 90. Kd3 Qb4 91. Ke3 Qe4+ 92. Kd2 Kd4 93. Kc1 Qg2 94. Kd1 Kd3 95. Ke1 Qg1#) 80... Kg7 81. Qa7+ Kh6 $1 82. Qe3+ Kh5 $2 {[%emt 0:00:08][%mdl 8192] [#]} (82... Kh7 $14) 83. Kf5 $2 (83. Qc5+ $1 $18 Kh4 84. Qf2+ Kh3 85. Qf5+ Kg2 86. e5) 83... Qf1+ $2 (83... Qg2 $11) 84. Qf4 $18 Qb5+ {[%emt 0:00:11] [#]} 85. Qe5 $1 {[%emt 0:00:15] White mates.} Qd7+ 86. Kf6+ Kh4 87. Qg5+ {[%emt 0:00:04] Weighted Error Value: White=0.37/Black=0.30.  Loses game:     	---       	Black=5      Missed win:     	White=3     	---        Mistake:       	White=7     	Black=3      Inaccurate:     	White=2     	Black=4      OK:         	White=30    	Black=28     Best:        	White=7     	Black=14     Strong:       	White=3     	Black=7} (87. Qf4+ $142 Kh3 88. Qf5+ Qxf5+ 89. Kxf5 (89. exf5 Kg4 90. Ke5 Kh5 91. f6 Kh6 92. Ke6 Kg5 93. f7 Kf4 94. f8=Q+ Ke4) 89... Kg3 90. e5 Kf2 91. Ke4 Kf1 92. e6) 1-0

[Event "FIDE Candidates 2024"]
[Site "Toronto"]
[Date "2024.04.10"]
[Round "6.1"]
[White "Nepomniachtchi, Ian"]
[Black "Caruana, Fabiano"]
[Result "1/2-1/2"]
[ECO "C47"]
[WhiteElo "2758"]
[BlackElo "2803"]
[Annotator "TA"]
[PlyCount "81"]
[EventDate "2024.04.02"]
[EventType "tourn"]
[EventCountry "CAN"]
[SourceTitle "playchess.com"]
[Source "ChessBase"]
[SourceQuality "1"]
[TimeControl "40/7200:1800+30"]

1. e4 e5 2. Nf3 Nc6 3. Nc3 Nf6 4. d4 exd4 5. Nxd4 Bb4 6. Nxc6 bxc6 7. Bd3 d5 8. exd5 {[%emt 0:00:09] The position is equal.} O-O 9. O-O Bg4 10. f3 Bh5 11. Bg5 cxd5 12. Bxf6 Qxf6 13. Nxd5 Qxb2 14. Rb1 Bc5+ 15. Kh1 Qe5 16. Re1 Qd6 {[%emt 0:00:05][%cal Oa8e8] Black is weak on the light squares} 17. Ne7+ Kh8 18. Qe2 Bg6 19. Nxg6+ hxg6 20. Qe5 Rab8 21. Qxd6 Bxd6 22. g3 g5 23. Rxb8 Rxb8 $11 {[%emt 0:00:09][%mdl 4096] Endgame. KRB-KRB} 24. Re4 a5 25. Rg4 Be7 26. Rd4 Rd8 {[%emt 0:01:15] Repels Rd7} 27. Re4 Bd6 28. Ra4 Ra8 29. Rg4 Be7 30. Rd4 Rd8 $1 {[%emt 0:00:07] Repels Rd5} 31. Ra4 Ra8 32. Be4 Ra7 33. Rd4 {[%emt 0:02:31] aiming for Rd7.} c5 34. Rd1 a4 35. Rb1 {[%emt 0:04:34] [#] White wants to mate with Rb8+.} g6 36. a3 c4 37. Rb7 Rxb7 38. Bxb7 Bxa3 39. Bc6 c3 40. Kg2 {[%emt 0:00:00][%mdl 1024] White has compensation.} ({But not} 40. Bxa4 Kg7 $16) 40... Kg7 41. Bxa4 {[%emt 0:00:08] An interesting draw.   Weighted Error Value: White=0.01 (flawless) /Black=0.01 (flawless) .  OK:         	White=16    	Black=14     Best:        	White=3     	Black=2      Strong:       	---       	Black=1} 1/2-1/2

[Event "FIDE Candidates 2024"]
[Site "Toronto"]
[Date "2024.04.10"]
[Round "6.2"]
[White "Gukesh D"]
[Black "Nakamura, Hikaru"]
[Result "1/2-1/2"]
[ECO "B27"]
[WhiteElo "2743"]
[BlackElo "2789"]
[Annotator "TA"]
[PlyCount "80"]
[EventDate "2024.04.02"]
[EventType "tourn"]
[EventCountry "CAN"]
[SourceTitle "playchess.com"]
[Source "ChessBase"]
[SourceQuality "1"]
[TimeControl "40/7200:1800+30"]

1. e4 c5 2. Nf3 g6 3. c3 d5 4. e5 Bg4 5. Bb5+ Nc6 6. Bxc6+ bxc6 7. O-O c4 8. d3 {[%emt 0:08:45] White is slightly better.} cxd3 9. Qxd3 Bxf3 10. Qxf3 Bg7 11. Qe2 Qc7 12. Re1 e6 13. b4 Ne7 14. Nd2 Nc8 15. c4 O-O 16. Bb2 a5 17. a3 axb4 18. axb4 Rxa1 19. Rxa1 dxc4 20. Nxc4 Nb6 {[%emt 0:00:04] The position is equal.} 21. Nxb6 Qxb6 22. Bc3 Qb5 23. Qe4 Rd8 24. g3 Bf8 25. Kg2 Qb7 26. Rc1 Rd5 27. Be1 h5 28. Bc3 Be7 29. h4 Bf8 30. Ra1 Be7 31. Rc1 Bf8 32. Ra1 Rb5 33. Rc1 Rb6 34. Bd2 Ra6 35. Rc4 Rb6 36. Be3 Rxb4 37. Qxc6 Qxc6+ 38. Rxc6 Rb8 {[%emt 0:00:05] Dodges Rc8} 39. Bc5 Bxc5 40. Rxc5 Kg7 {[%emt 0:00:00] Weighted Error Value: White=0.05 (flawless) /Black=0.06 (flawless) .  Inaccurate:     	White=3     	---        OK:         	White=13    	Black=11} 1/2-1/2

[Event "FIDE Candidates 2024"]
[Site "Toronto"]
[Date "2024.04.10"]
[Round "6.4"]
[White "Praggnanandhaa R"]
[Black "Abasov, Nijat"]
[Result "1-0"]
[ECO "D40"]
[WhiteElo "2747"]
[BlackElo "2632"]
[Annotator "TA"]
[PlyCount "89"]
[EventDate "2024.04.02"]
[EventType "tourn"]
[EventCountry "CAN"]
[SourceTitle "playchess.com"]
[Source "ChessBase"]
[SourceQuality "1"]
[TimeControl "40/7200:1800+30"]

1. d4 d5 2. Nf3 Nf6 3. c4 e6 4. Nc3 c5 5. e3 Nc6 6. a3 a6 7. b3 cxd4 8. exd4 Be7 9. c5 b6 10. cxb6 Qxb6 {[%emt 0:01:36] The position is equal.} 11. b4 {[%emt 0:02:55] Repels Na5} Ne4 12. Na4 Qb8 13. Be2 (13. Bd3 $14) 13... O-O $11 14. O-O Bf6 15. Be3 Ne7 16. Nc5 {[%emt 0:08:21] Prevents Bd7.} Nc3 17. Qd2 Nxe2+ 18. Qxe2 Nf5 19. Rab1 e5 (19... Be7 $11) 20. dxe5 $16 Bxe5 21. Rfd1 d4 22. Bg5 Bd6 23. g4 (23. Nxd4 $2 Nxd4 (23... Bxh2+ 24. Kh1 $11) 24. Qe4 h6 (24... Bxh2+ $2 25. Kh1 $19) 25. Bxh6 Bxh2+ 26. Kh1 Nf5 $19) 23... h6 {[%emt 0:00:34] [#]} 24. Qe4 $1 {[%emt 0:03:23] White has more active pieces. The black rooks are passive.} hxg5 25. gxf5 Ra7 $1 26. Rxd4 ({Much weaker is} 26. Nxg5 Re7 27. Qg4 (27. Qxd4 Bxh2+ 28. Kg2 Bxf5 $17) 27... Bxh2+ 28. Kg2 Qf4 29. Qxf4 Bxf4 $15) (26. Nxd4 {simplifies} Re7 27. Qf3 Ree8 28. Qg4) 26... g4 27. Ng5 {[%emt 0:04:07] Rbd1 would now be deadly. A dynamic duo of knights.} (27. Qxg4 $2 {is the wrong capture.} Bxc5 28. Rf4 Bd6 $19) 27... Bxh2+ 28. Kg2 Qe5 29. Rd5 {[%emt 0:08:56] Some like it hot} Qxe4+ 30. Ngxe4 Bb8 (30... Bc7 $142) 31. f6 Bf4 32. Rbd1 ({White should play} 32. a4 $16) 32... Rc7 $1 $14 33. R1d4 Rc6 34. Nd6 g5 35. Nxc8 Rfxc8 36. Rd8+ ({White should try} 36. Ne4 $16) 36... Rxd8 37. Rxd8+ $11 {[%emt 0:00:01][%mdl 4096] Endgame. KRB-KRN} Kh7 38. Ra8 Rxf6 (38... Rd6 $11 {remains equal.}) 39. Rxa6 $16 Rf5 ({Better is} 39... Kg7) 40. Nd7 {[%emt 0:00:00] Hoping for Ra5.} Kg7 $2 {[%emt 0:00:00] [#]} (40... Bc1) 41. Ra5 $1 $18 Kg6 42. a4 {[%emt 0:01:42][%cal Ba3a4,Ba4a5,Ba5a6][%mdl 32] Strongly threatening Rxf5.} g3 43. Rxf5 Kxf5 44. a5 {[%emt 0:00:07] Threatening mate with a6.} gxf2 45. a6 {[%emt 0:00:12] Weighted Error Value: White=0.13 (very precise) /Black=0.42.  Mistake:       	White=3     	Black=6      Inaccurate:     	White=2     	Black=2      OK:         	White=12    	Black=10     Best:        	White=3     	Black=4      Strong:       	White=1     	Black=2} 1-0

[Event "FIDE Candidates 2024"]
[Site "Toronto"]
[Date "2024.04.11"]
[Round "7.1"]
[White "Firouzja, Alireza"]
[Black "Gukesh D"]
[Result "1-0"]
[ECO "D02"]
[WhiteElo "2760"]
[BlackElo "2743"]
[Annotator "TA"]
[PlyCount "79"]
[EventDate "2024.04.02"]
[EventType "tourn"]
[EventCountry "CAN"]
[SourceTitle "playchess.com"]
[Source "ChessBase"]
[SourceQuality "1"]
[TimeControl "40/7200:1800+30"]

1. d4 Nf6 2. Bf4 d5 3. e3 c5 4. Nf3 e6 5. Nbd2 Qb6 6. Rb1 {[%emt 0:00:08] D02: 1 d4 d5 2 Nf3 sidelines, including 2...Nf6 3 g3 and 2...Nf6 3 Bf4.} cxd4 {[%emt 0:01:28] 6...Bd7 is the recent fashion.} 7. exd4 Bd7 8. c3 Bb5 9. h4 Nbd7 10. Rh3 $146 ({Predecessor:} 10. Bxb5 Qxb5 11. Qe2 Qxe2+ 12. Kxe2 h5 13. a4 Be7 14. g3 a5 15. Ne1 O-O 16. Nd3 {½-½ Owen,K (2379)-Antal,J (2356) Champion's League 2021/C8 email}) 10... Be7 11. h5 h6 12. a4 Bxf1 13. Kxf1 O-O 14. Kg1 Qc6 15. Ne5 Nxe5 16. dxe5 Nd7 17. Rg3 Kh8 18. a5 Qc7 19. Nf3 (19. Qg4 Rg8 $15) 19... Qxa5 20. c4 Rg8 21. Ra1 (21. cxd5 $11 Qxd5 22. Qxd5 exd5 23. Rd1) 21... Qb4 $15 22. b3 (22. Ra4 $2 Qxb2 23. Be3 Bc5 (23... Nxe5 $2 24. Bd4 $18) 24. cxd5 exd5 $17) 22... Nc5 23. Nd4 Ne4 $1 (23... dxc4 $2 24. Bd2 $18) 24. Re3 $1 Qc5 25. Rc1 Rgd8 26. b4 Qxb4 27. cxd5 Nxf2 (27... exd5 {simplifies} 28. Rb3 Qa4 29. Rxb7 Qxd1+ 30. Rxd1 Bc5) 28. Kxf2 Rxd5 (28... Bc5 29. Rxc5 Qxc5 30. d6 $16) 29. Re4 $1 Rad8 30. Be3 $1 Bc5 31. Qb3 $1 Qxb3 (31... Rxd4 {with more complications.} 32. Rxd4 Qxb3 33. Rxd8+ Kh7) 32. Nxb3 Bxe3+ 33. Rxe3 a5 34. Rc7 a4 35. Nc5 Ra8 36. Nd7 Kh7 $2 {[%emt 0:01:01] [#]} (36... a3 37. Rxa3 Rd8 (37... Rxa3 38. Rc8+ Kh7 39. Nf8+ Kg8 40. Ng6+) 38. Nb6 Rxe5 39. g4 $18 (39. Rxb7 Rd2+ 40. Kg3 Rg5+ 41. Kf4 Rdxg2 $11) (39. Rxf7 Kg8 $16)) (36... b5 $11 {and Black is okay.}) 37. Rf3 $1 $18 (37. Rxb7 a3 38. Re1 Rd2+ 39. Kg3 a2 $11) 37... a3 $2 (37... Kg8 38. Nb6 (38. Rxb7 Rd8 $16) 38... Rd2+ 39. Kg3 Rf8) 38. Rxf7 $18 Kh8 39. Nf8 ({Worse is} 39. Rxb7 Rxd7 (39... a2 40. Nf8 Rd2+ 41. Kg3 Kg8 42. Ng6 Ra3+ 43. Kh2) 40. Rfxd7 a2 $11) 39... a2 40. Ng6+ 1-0

[Event "FIDE Candidates 2024"]
[Site "Toronto"]
[Date "2024.04.11"]
[Round "7.2"]
[White "Nakamura, Hikaru"]
[Black "Nepomniachtchi, Ian"]
[Result "1/2-1/2"]
[ECO "C42"]
[WhiteElo "2789"]
[BlackElo "2758"]
[Annotator "TA"]
[PlyCount "80"]
[EventDate "2024.04.02"]
[EventType "tourn"]
[EventCountry "CAN"]
[SourceTitle "playchess.com"]
[Source "ChessBase"]
[SourceQuality "1"]
[TimeControl "40/7200:1800+30"]

1. e4 e5 2. Nf3 Nf6 3. Nxe5 d6 4. Nf3 Nxe4 5. d4 d5 6. Bd3 Bd6 7. O-O O-O 8. c4 c6 9. Re1 Bf5 10. Qb3 Qd7 11. c5 Bc7 12. g3 a5 13. Nbd2 (13. Qxb7 Na6 14. Bxa6 Rfb8 $11) 13... Be6 14. Qxb7 (14. Nxe4 $5 dxe4 15. Qxb7 exd3 16. Qxa8 $11) 14... Nxf2 15. Bxh7+ Kxh7 16. Qxa8 Nh3+ 17. Kg2 Bg4 18. Qb7 Re8 $1 19. Qb3 {[%emt 0:00:06] Strongly threatening Rxe8.} ({Avoid the trap} 19. Rxe8 $2 Qxe8 20. Ne5 Bxe5 $19) 19... Rxe1 20. Nxe1 {[%emt 0:00:32] Ndf3 would now be deadly.} Qe6 $1 {[%emt 0:02:47] [#] ( -> ...Qe2+)} 21. Qd3+ Bf5 22. Qf1 Nd7 23. Nef3 Nf6 24. Ng1 Kg8 25. Qe2 {[%emt 0:03:37] [#] Black must now prevent Qxe6.} Ne4 26. a4 (26. Nxh3 $14 Bxh3+ 27. Kg1) 26... Bxg3 $11 {[%emt 0:11:34] The position is equal.} 27. hxg3 Nf4+ $1 28. gxf4 Qg6+ 29. Kf1 ({But not} 29. Kh2 $2 Qg3+ 30. Kh1 Nf2+ $19 (30... Qxf4 $2 {too greedy.} 31. Ra3 $18) (30... Qxf4 $2 31. Qh2 $18)) 29... Ng3+ 30. Ke1 Nxe2 31. Nxe2 Bg4 $1 {[%emt 0:01:34] ...Qe6 is the strong threat.} 32. Ra3 Bxe2 $1 33. Kxe2 Qg1 34. Nb3 Qg2+ 35. Kd1 Qf3+ 36. Kc2 Qe4+ 37. Kc3 Qf3+ 38. Kc2 Qe4+ 39. Kc3 Qf3+ 40. Kc2 Qe4+ {[%emt 0:00:00] Weighted Error Value: White=0.07 (flawless) /Black=0.04 (flawless) .  Mistake:       	White=1     	---        Inaccurate:     	White=2     	Black=2      OK:         	White=12    	Black=11     Best:        	White=2     	Black=6      Strong:       	---       	Black=5} 1/2-1/2

[Event "FIDE Candidates 2024"]
[Site "Toronto"]
[Date "2024.04.13"]
[Round "8.1"]
[White "Praggnanandhaa R"]
[Black "Firouzja, Alireza"]
[Result "1/2-1/2"]
[ECO "B47"]
[WhiteElo "2747"]
[BlackElo "2760"]
[Annotator "TA"]
[PlyCount "80"]
[EventDate "2024.04.02"]
[EventType "tourn"]
[EventCountry "CAN"]
[SourceTitle "playchess.com"]
[Source "ChessBase"]
[SourceQuality "1"]
[TimeControl "40/7200:1800+30"]

1. e4 c5 2. Nf3 e6 3. d4 cxd4 4. Nxd4 Nc6 5. Nc3 Qc7 6. Ncb5 Qb8 7. Bd3 a6 8. Nxc6 bxc6 9. Nd4 c5 10. Nf3 Ne7 11. O-O Bb7 12. c3 Ng6 13. Rb1 Be7 14. b4 O-O 15. a4 Qc7 16. Re1 d5 17. bxc5 dxe4 18. Rxb7 Qxb7 19. Bxe4 {[%emt 0:00:07] [#] A strong pair of Bishops.} Qc7 20. Bxa8 Rxa8 21. Be3 Bxc5 22. Bxc5 Qxc5 23. Qd3 Qc6 24. Re4 $1 Rc8 25. h3 h6 26. a5 Qd5 27. Qxa6 ({White should try} 27. Qxd5 $11 exd5 28. Rb4) 27... Ra8 28. Qc4 Qxa5 (28... Rxa5 {simplifies} 29. Qxd5 Rxd5 30. Rc4 Rd1+) 29. Re1 Qd5 30. Qxd5 {[%emt 0:01:16] The position is equal.} exd5 $11 {[%emt 0:00:06][%mdl 4096] Endgame. KRN-KRN} 31. g3 Rc8 32. Re3 Kf8 33. Kg2 Ne7 34. Nd4 Nc6 35. Nf5 Rd8 36. Rd3 h5 37. Ne3 d4 38. cxd4 Rxd4 39. Rxd4 Nxd4 40. h4 g6 {[%emt 0:00:00] Weighted Error Value: White=0.08 (flawless) /Black=0.07 (flawless) .  Mistake:       	White=1     	---        Inaccurate:     	White=2     	Black=3      OK:         	White=13    	Black=15     Best:        	White=1     	---        Strong:       	White=1     	---} 1/2-1/2

[Event "FIDE Candidates 2024"]
[Site "Toronto"]
[Date "2024.04.13"]
[Round "8.3"]
[White "Nakamura, Hikaru"]
[Black "Caruana, Fabiano"]
[Result "1-0"]
[ECO "C78"]
[WhiteElo "2789"]
[BlackElo "2803"]
[Annotator "TA"]
[PlyCount "69"]
[EventDate "2024.04.02"]
[EventType "tourn"]
[EventCountry "CAN"]
[SourceTitle "playchess.com"]
[Source "ChessBase"]
[SourceQuality "1"]
[TimeControl "40/7200:1800+30"]

1. e4 e5 2. Nf3 Nc6 3. Bb5 a6 4. Ba4 Nf6 5. d3 Bc5 6. O-O d6 7. c3 O-O 8. Re1 Ne7 9. Nbd2 Ng6 10. Nf1 {[%emt 0:05:57] The position is equal.} d5 11. exd5 Nxd5 12. Bb3 (12. Nxe5 $5 Bxf2+ 13. Kxf2 Nxe5 14. Kg1 $11 (14. Rxe5 Qf6+ 15. Kg1 Qxe5 $17)) 12... c6 13. d4 (13. Nxe5 $14 Bxf2+ 14. Kxf2 Nxe5 15. Kg1) 13... exd4 $11 14. Nxd4 Nf6 15. h3 Bxd4 16. cxd4 Nd5 17. Bc2 Be6 18. Ng3 Ndf4 19. Re4 Nd5 20. a3 Re8 21. Bd2 Nf6 22. Bg5 {[%emt 0:00:59] A strong pair of Bishops.} h6 23. Bxf6 Qxf6 24. Qd2 Qg5 25. Re3 Nf4 $132 {[%emt 0:19:40][%mdl 2048] [#] Black is fighting back} 26. h4 $1 Qd5 (26... Qf6 27. Rf3) 27. Re4 Ng6 28. Rae1 Nf8 ({Avoid the trap} 28... f5 $2 29. Nxf5 Nf8 (29... Qxf5 $2 {is the wrong capture.} 30. Rxe6 Qxe6 31. Rxe6 $18) 30. Re5 $18) 29. Re5 Qd8 30. h5 (30. Qf4 $16 {Strongly threatening Nh5.} Qf6 31. Qxf6 gxf6 32. R5e3) 30... Bd7 (30... Qb6 $11 {keeps the balance.}) 31. Rxe8 $16 Bxe8 32. Nf5 {[%emt 0:00:04][%cal Of5h6,Bg3f5,Bf5e7,Be7d5][%mdl 32] And now Nxh6+! would win.} Qf6 33. Qb4 {[%emt 0:00:05] Black must now prevent Ne7+. White has more active pieces.} b5 $2 (33... Bd7 $16 34. Qxb7 Bxf5 35. Bxf5 (35. Qxa8 Bxc2 36. Re8 Qd6 $18) 35... Rd8) 34. Ne7+ $18 Kh8 {[%emt 0:00:04] [#]} 35. Nd5 $1 {[%emt 0:00:04][%mdl 512] Weighted Error Value: White=0.12 (very precise) /Black=0.19 (very precise) .  Loses game:     	---       	Black=1      Mistake:       	White=2     	Black=1      Inaccurate:     	White=2     	Black=4      OK:         	White=8     	Black=3      Best:        	White=5     	Black=3} 1-0

[Event "FIDE Candidates 2024"]
[Site "Toronto"]
[Date "2024.04.13"]
[Round "8.4"]
[White "Nepomniachtchi, Ian"]
[Black "Abasov, Nijat"]
[Result "1/2-1/2"]
[ECO "C01"]
[WhiteElo "2758"]
[BlackElo "2632"]
[Annotator "TA"]
[PlyCount "125"]
[EventDate "2024.04.02"]
[EventType "tourn"]
[EventCountry "CAN"]
[SourceTitle "playchess.com"]
[Source "ChessBase"]
[SourceQuality "1"]
[TimeControl "40/7200:1800+30"]

1. e4 e5 2. Nf3 Nf6 3. Nxe5 d6 4. Nf3 Nxe4 5. d3 Nf6 6. d4 d5 7. Bd3 c5 8. O-O {[%emt 0:02:03] C01: French: Exchange Variation.} c4 9. Be2 Nc6 10. b3 cxb3 11. axb3 Bd6 12. c4 O-O 13. Nc3 h6 14. cxd5 Nb4 15. Ne5 Nbxd5 16. Nxd5 Nxd5 17. Bc4 Be6 18. Qf3 Bb4 19. Qg3 $146 ({Predecessor:} 19. Bb2 a6 20. Rfd1 b5 21. Bd3 Qd6 22. h3 Rac8 23. Bf5 Bc3 24. Bxc3 Rxc3 25. Rd3 Rfc8 26. Bxe6 Qxe6 27. Rxc3 Nxc3 {0-1 Darpan,I (2112)-Balint,V (2271) Budapest FS10 IM 2021 (2)}) 19... Kh8 20. Ra2 a5 21. Re2 Qb6 22. Re4 Nc3 23. Re3 Bxc4 (23... Qxd4 $2 24. Bxe6 fxe6 25. Ng6+ Kh7 26. Nxf8+ Rxf8 27. Bb2 $18 (27. Rxe6 Rf6 $18)) 24. Nxc4 (24. bxc4 $5 Qxd4 25. Bb2 $18) 24... Qxd4 25. Bb2 b5 $1 26. Rxc3 bxc4 27. Rc2 c3 28. Rxc3 Bd6 (28... Bxc3 $2 29. Bxc3 $18) (28... Rg8 $5 29. Rc2 $8 Qd5 $11) 29. Qf3 Be5 30. Rc2 ({Of course not} 30. Rc8 Bxh2+ 31. Kh1 (31. Kxh2 $2 {loses.} Qd6+ 32. Qg3 Qxg3+ 33. fxg3 Raxc8 $19) 31... Qh4 $17) 30... Qf4 31. Qxf4 Bxf4 32. Rc4 Bd6 33. Rd1 Rfd8 34. Kf1 Kg8 35. Bc3 Be7 36. Rxd8+ Bxd8 37. Ke2 Kf8 38. Kd3 Bb6 39. f3 Rd8+ 40. Kc2 f6 41. Rc6 Rb8 42. Kb2 Ke7 43. Ka3 Kd7 44. Rc4 Re8 45. Rg4 g5 46. Bxf6 Re2 47. b4 axb4+ 48. Kxb4 Be3 49. h4 gxh4 50. Bxh4 Bc1 51. Kc4 Ke6 {[%emt 0:01:05] [#]} 52. Rg7 (52. Re4+ $1 $16 Rxe4+ 53. fxe4) 52... Re5 (52... Rc2+ $11 {keeps the balance.} 53. Kd3 Rd2+ 54. Kc3 Ra2) 53. Kd3 Bg5 54. Bf2 Rd5+ 55. Ke2 $1 Rd2+ 56. Ke1 $1 Ra2 57. g3 Ra1+ 58. Ke2 Ra2+ 59. Kf1 Ra1+ 60. Kg2 Ra2 61. Kf1 (61. Ra7 $1 $14 Rxa7 62. Bxa7) 61... Ra1+ $1 $11 62. Kg2 (62. Ke2 $11 {is superior.}) 62... Ra2 $1 $14 63. Kf1 (63. Ra7 $1 $14 {is more appropriate.} Rxa7 64. Bxa7) 1/2-1/2

[Event "FIDE Candidates 2024"]
[Site "Toronto"]
[Date "2024.04.14"]
[Round "9.2"]
[White "Gukesh D"]
[Black "Praggnanandhaa R"]
[Result "1/2-1/2"]
[ECO "C77"]
[WhiteElo "2743"]
[BlackElo "2747"]
[Annotator "TA"]
[PlyCount "81"]
[EventDate "2024.04.02"]
[EventType "tourn"]
[EventCountry "CAN"]
[SourceTitle "playchess.com"]
[Source "ChessBase"]
[SourceQuality "1"]
[TimeControl "40/7200:1800+30"]

1. e4 e5 2. Nf3 Nc6 3. Bb5 a6 4. Ba4 Nf6 5. d3 Bc5 6. Bxc6 dxc6 7. c3 (7. Nxe5 $2 {too greedy.} Qd4 8. Be3 Qxe5 $19) 7... Qe7 8. h3 Bd6 9. Nbd2 a5 10. O-O Nd7 11. Nc4 b6 12. Nxd6+ cxd6 13. Bg5 Nf6 14. Nd2 h6 15. Be3 Ba6 16. Qc2 Nd7 17. f4 exf4 18. Bxf4 O-O 19. Rae1 Ne5 20. c4 b5 21. b3 c5 22. Nf3 Ng6 23. Bg3 Qd7 24. Nh2 a4 25. Ng4 axb3 26. axb3 bxc4 27. bxc4 Bb7 28. Rb1 Ra6 {[%emt 0:02:54] Against Rb6} 29. Qf2 Bc8 30. Ne3 Qa7 31. Rb2 Rd8 32. Kh2 Ra3 33. Qe2 Be6 34. Nd5 Ra1 35. Rfb1 Rxb1 {[%emt 0:00:06] The position is equal.} 36. Rxb1 f6 37. Rb3 Ne5 38. Qb2 Bxd5 39. exd5 Qe7 40. Rb7 Rd7 ({But not} 40... Nxd3 $2 41. Qb1 (41. Qb6 Qf8 $11) 41... Qe2 42. Qb6 $18) 41. Rb8+ {[%emt 0:09:57] Weighted Error Value: White=0.11 (very precise) /Black=0.08 (flawless) .  Inaccurate:     	White=2     	---        OK:         	White=10    	Black=12} 1/2-1/2